Map: Odyssey LE

Players

Namshar

  • Race: Zerg Zerg
  • Spawn Location: 11:00

Kelazhur - Winner!

  • Race: Terran Terran
  • Spawn Location: 5:00

Event: WCS Montreal 2017

VOD

Have the link to the VOD?

Description

Time

  • Played on: Sept. 8, 2017, 8:48 p.m.
  • Length: 16:02

All games in this series

Show
View Real Time Build Order
Export as new Build Order

Namshar Zerg 

Build Orders: Hatch First 

Get SALT Encoding   

  12  0:00  Drone  
  13  0:12  Overlord  
  13  0:17  Drone  
  14  0:30  Drone x2  
  14  0:34  Drone  
  17  0:51  Hatchery  
  17  0:54  Drone  
  17  0:57  Drone  
  18  1:08  Extractor  
  17  1:12  Spawning Pool  
  17  1:15  Drone  
  18  1:18  Drone  
  18  1:27  Drone  
  19  1:38  Overlord  
  19  1:49  Drone  
  20  1:59  Queen  
  20  2:00  Zergling x2  
  23  2:02  Queen  
  23  2:03  Zergling x2  
  23  2:07  Metabolic Boost  
  26  2:10  Drone  
  26  2:14  Drone  
  28  2:21  Drone  
  29  2:24  Drone  
  30  2:31  Overlord  
  30  2:35  Queen  
  32  2:37  Drone  
  33  2:44  Pneumatized Carapace  
  33  2:46  Drone x2  
  35  2:54  Overlord  
  36  2:58  Drone  
  36  3:09  Drone x5  
  36  3:12  Drone x2  
  43  3:13  Drone  
  44  3:25  Drone  
  45  3:29  Hatchery  
  45  3:30  Overlord  
  44  3:35  Zergling x4  
  44  3:38  Queen  
  48  3:45  Baneling Nest  
  47  3:49  Overlord  
  47  3:54  Zergling x2  
  47  3:55  Zergling x2  
  49  3:58  Drone x4  
  53  4:06  Overlord  
  53  4:07  Overlord  
  53  4:13  Extractor  
  53  4:15  Extractor  
  51  4:19  Drone x4  
  51  4:20  Drone  
  56  4:25  Evolution Chamber  
  56  4:29  Overlord, Evolution Chamber  
  54  4:39  Drone  
  54  4:40  Lair  
  54  4:41  Queen  
  57  4:47  Queen  
  57  4:48  Drone x8  
  67  4:56  Drone x4  
  67  4:57  Drone  
  72  5:03  Spore Crawler, Zerg Melee Weapons Level 1  
  71  5:07  Zerg Ground Armor Level 1  
  71  5:18  Overlord  
  71  5:19  Overlord x2  
  71  5:20  Overlord  
  71  5:22  Drone  
  71  5:23  Drone x2  
  71  5:24  Baneling x2  
  71  5:25  Baneling  
  74  5:32  Baneling  
  72  5:36  Spore Crawler  
  72  5:37  Spore Crawler, Overseer  
  72  5:39  Drone x5  
  74  5:45  Spore Crawler  
  74  5:48  Drone  
  74  5:49  Drone x3  
  76  5:52  Baneling x4  
  75  5:58  Drone x3  
  75  5:59  Drone x2  
  79  6:04  Extractor  
  79  6:06  Extractor  
  79  6:08  Queen  
  78  6:16  Zergling x6  
  75  6:28  Drone x9  
  75  6:29  Zergling x2  
  75  6:30  Zergling x2  
  83  6:35  Centrifical Hooks  
  82  6:40  Hydralisk Den  
  78  6:51  Drone  
  78  6:52  Drone x2  
  81  6:56  Hatchery  
  81  6:58  Drone x4  
  84  7:06  Overlord  
  84  7:07  Overlord  
  84  7:09  Drone x2, Hatchery  
  84  7:10  Extractor  
  84  7:13  Queen  
  86  7:19  Zerg Ground Armor Level 2  
  86  7:20  Zerg Missile Weapons Level 1  
  86  7:22  Drone x3  
  89  7:34  Muscular Augments, Zergling x16  
  97  7:39  Hydralisk  
  99  7:47  Hydralisk  
  99  7:48  Zergling x8  
  99  7:50  Zergling x4, Hydralisk  
  107  7:54  Queen  
  107  7:56  Hydralisk  
  107  7:57  Hydralisk  
  113  8:00  Overlord  
  113  8:10  Overlord x4  
  113  8:24  Hydralisk x6  
  124  8:36  Hydralisk x5  
  124  8:37  Hydralisk x5  
  144  8:51  Hydralisk x5  
  144  8:54  Zergling x8  
  157  8:58  Hydralisk  
  154  9:12  Hydralisk  
  154  9:13  Zergling x18  
  154  9:14  Overlord x2  
  165  9:37  Zerg Melee Weapons Level 2, Zerg Missile Weapons Level 2, Drone  
  165  9:38  Infestation Pit  
  165  9:40  Hydralisk  
  165  9:41  Zergling x2, Hydralisk  
  165  9:42  Zergling x22  
  181  9:48  Baneling  
  164  10:03  Baneling x11  
  164  10:04  Baneling x8  
  164  10:05  Zergling x2  
  164  10:06  Zergling x26  
  152  10:28  Hydralisk x4  
  136  10:29  Zergling x16  
  150  10:39  Hatchery  
  150  10:41  Overlord  
  150  10:42  Zergling x8  
  152  10:43  Zergling x4  
  152  10:49  Baneling x4  
  148  11:12  Baneling  
  148  11:13  Baneling x9  
  148  11:20  Overlord  
  148  11:21  Hive  
  148  11:22  Hydralisk x2  
  148  11:23  Zergling x14  
  159  11:32  Hatchery  
  158  11:39  Zergling x2, Hydralisk  
  158  11:40  Zergling x16  
  154  11:50  Zergling x6  
  154  11:51  Zergling x16  
  164  12:01  Zergling x6  
  164  12:02  Zergling x4  
  169  12:11  Overlord  
  169  12:12  Zergling x4  
  169  12:13  Zergling x8  
  169  12:14  Hatchery  
  174  12:24  Hydralisk  
  174  12:25  Zergling x16  
  174  12:28  Baneling x6  
  180  12:32  Baneling x4  
  180  12:33  Baneling x2  
  176  12:44  Hydralisk x2  
  176  12:45  Zergling x18  
  188  12:57  Baneling  
  188  12:58  Baneling x9  
  184  13:00  Hydralisk  
  184  13:01  Zergling x16  
  139  13:21  Hydralisk x6  
  139  13:22  Zergling x6  
  139  13:26  Hydralisk  
  154  13:27  Zergling x4  
  152  13:40  Zergling x2, Hydralisk x2  
  152  13:41  Zergling x4  
  148  14:00  Zergling x14  
  140  14:15  Hatchery  
  139  14:25  Hydralisk x2  
  139  14:26  Zergling x6  
  125  14:49  Hydralisk x2  
  125  14:50  Zergling x14  
  119  15:01  Queen  
  119  15:05  Drone x3  
  124  15:15  Baneling x8  
  124  15:16  Baneling x4  
  124  15:25  Hydralisk  
  124  15:26  Zergling x2, Hydralisk x2  
  131  15:30  Baneling x4  
  131  15:31  Baneling x4  
  131  15:32  Baneling  
  130  15:38  Hydralisk  
  130  15:39  Zergling x6  
Show
View Real Time Build Order
Export as new Build Order

Kelazhur Terran - Winner!

Build Orders: Hellion Banshee, MMM Bio 

Get SALT Encoding   

  12  0:00  SCV  
  13  0:12  SCV  
  14  0:17  Supply Depot  
  14  0:25  SCV  
  15  0:38  SCV  
  15  0:40  Barracks  
  16  0:44  Refinery  
  16  0:50  SCV  
  17  1:02  SCV  
  18  1:14  SCV  
  19  1:27  Orbital Command, Marine  
  20  1:37  Command Center  
  20  1:45  Marine  
  21  1:52  Supply Depot  
  21  1:53  SCV  
  22  2:03  Factory  
  22  2:10  SCV  
  22  2:11  Barracks Reactor  
  23  2:18  Refinery  
  23  2:22  SCV  
  24  2:34  SCV  
  25  2:46  SCV  
  25  2:48  Starport  
  25  2:49  Orbital Command  
  26  2:53  Hellion  
  26  2:54  Hellion  
  30  2:59  SCV  
  30  3:00  Barracks Tech Lab  
  31  3:11  SCV  
  32  3:14  Hellion  
  32  3:15  Hellion  
  32  3:17  SCV  
  38  3:24  Viking  
  38  3:26  SCV  
  40  3:29  SCV  
  40  3:34  Marine  
  41  3:38  Supply Depot  
  41  3:39  SCV  
  43  3:46  SCV  
  44  3:50  Hellion  
  46  4:00  Hellion  
  46  4:01  Supply Depot  
  48  4:05  Banshee, Cloaking Field  
  51  4:10  SCV  
  51  4:11  SCV  
  53  4:18  Command Center  
  53  4:23  SCV x2  
  55  4:34  Supply Depot  
  55  4:35  SCV  
  55  4:37  Barracks Tech Lab  
  56  4:38  Barracks  
  56  4:39  SCV  
  56  4:42  Barracks  
  56  4:43  Factory Reactor  
  57  4:47  SCV  
  57  4:49  Banshee  
  61  4:53  SCV  
  61  4:59  SCV  
  63  5:04  Engineering Bay  
  63  5:05  SCV, Engineering Bay  
  63  5:07  Supply Depot, Marine  
  64  5:11  SCV  
  66  5:17  SCV  
  67  5:23  SCV, Refinery x2  
  67  5:25  Marine  
  69  5:29  SCV  
  71  5:36  Terran Infantry Armor Level 1, Terran Infantry Weapons Level 1  
  71  5:37  Orbital Command  
  71  5:39  Marine  
  71  5:44  SCV  
  71  5:45  SCV  
  71  5:47  Marine  
  74  5:50  Marine  
  74  5:52  Stimpack  
  74  5:56  SCV  
  76  5:58  SCV, Starport Reactor  
  76  6:00  Marine  
  76  6:01  Marine x2  
  76  6:02  Barracks  
  76  6:03  Barracks  
  76  6:04  Orbital Command  
  80  6:08  SCV  
  80  6:10  Supply Depot, Marine, SCV  
  83  6:12  Supply Depot  
  83  6:13  Marine  
  82  6:19  Marine  
  82  6:20  SCV  
  82  6:21  Marine  
  82  6:22  SCV  
  80  6:25  Marine  
  80  6:28  Marine  
  80  6:31  Marine  
  77  6:32  SCV  
  77  6:33  SCV  
  77  6:34  SCV  
  77  6:36  Medivac x2  
  77  6:37  Supply Depot, Marine  
  77  6:39  Marine  
  84  6:45  Marine, SCV x2  
  84  6:46  Marine, SCV  
  88  6:51  Marine  
  88  6:53  Barracks Reactor  
  88  6:54  Barracks Reactor  
  89  6:55  Armory, Marine  
  89  6:57  Marine, SCV  
  92  7:02  SCV x2  
  92  7:07  Marine x2  
  96  7:09  SCV  
  96  7:10  Supply Depot  
  96  7:12  Supply Depot  
  96  7:14  SCV  
  98  7:16  Supply Depot, Marine x2, SCV  
  98  7:18  Supply Depot  
  98  7:20  Marine  
  98  7:21  SCV  
  103  7:23  Refinery  
  103  7:26  Siege Tank  
  103  7:28  SCV x2  
  108  7:33  Marine, SCV  
  108  7:34  Marine x6  
  116  7:39  Medivac x2  
  116  7:43  SCV  
  121  7:45  Marauder  
  121  7:51  Terran Infantry Armor Level 2, SCV, Terran Infantry Weapons Level 2  
  124  7:52  Marine  
  124  7:53  Marine x3  
  124  7:54  Marine  
  124  7:55  Marine  
  130  8:00  Siege Tank  
  133  8:08  SCV x3  
  134  8:14  Medivac x2, Marine x3  
  134  8:19  Marine  
  141  8:20  Marine, Marauder  
  141  8:24  Marine  
  146  8:27  Refinery  
  146  8:29  Factory  
  138  8:35  Marine x2  
  138  8:38  Marine x5  
  144  8:41  Marauder  
  144  8:43  SCV x2  
  144  8:44  SCV  
  144  8:46  Barracks x2  
  144  8:47  Barracks, Supply Depot  
  144  8:48  Supply Depot, Medivac x2  
  153  8:52  Combat Shields  
  153  8:55  SCV  
  153  8:59  Marine  
  155  9:08  Siege Tank  
  158  9:14  Marauder  
  158  9:16  Marine x7  
  158  9:17  Marine  
  167  9:23  Supply Depot  
  168  9:25  Supply Depot  
  168  9:29  Factory Tech Lab  
  168  9:33  Marine  
  168  9:34  Marine x3  
  168  9:35  Command Center, Marine  
  168  9:36  Supply Depot, Marine  
  173  9:43  Marine  
  173  9:44  Marine x4  
  171  9:46  SCV x3  
  171  9:58  SCV x2  
  154  10:02  SCV  
  151  10:10  Medivac x2, SCV x2  
  157  10:14  SCV  
  157  10:17  Terran Infantry Weapons Level 3  
  157  10:18  Terran Infantry Armor Level 3  
  142  10:29  Marine  
  142  10:30  Marauder  
  142  10:33  Siege Tank  
  151  10:38  Terran Vehicle Weapons Level 1  
  148  10:44  Marine x7  
  148  10:45  Marine x2  
  148  10:49  Siege Tank  
  160  10:51  Marauder  
  160  10:55  Marine  
  158  11:01  Marine  
  158  11:03  Planetary Fortress  
  159  11:08  Marine x8  
  159  11:09  Marine  
  167  11:12  Marauder  
  167  11:13  Marine  
  167  11:16  SCV x3  
  173  11:19  Marine  
  173  11:22  Siege Tank  
  173  11:25  Siege Tank  
  180  11:26  Marine  
  181  11:34  Marauder  
  179  11:46  Marine  
  180  11:48  Marine  
  180  11:49  Marine x6  
  180  11:50  Marine x3  
  190  11:55  Marauder  
  187  12:02  Siege Tank  
  187  12:04  Marine  
  187  12:06  Marine  
  187  12:07  Marine x3  
  195  12:15  Supply Depot x2  
  195  12:17  Marauder  
  197  12:26  Command Center  
  197  12:31  Marine x3  
  197  12:32  Barracks Tech Lab x3  
  200  12:38  Marine, Marauder  
  200  12:39  Marine  
  200  12:40  Marine  
  200  12:41  Marine x2  
  198  12:49  Marine x2  
  200  12:53  Marine  
  200  12:56  Marine  
  200  12:57  Marine  
  200  12:58  Marine  
  191  12:59  Marauder  
  191  13:05  Marine x2  
  172  13:06  SCV x2, Marauder  
  172  13:07  SCV  
  172  13:12  Liberator x2  
  174  13:17  Marauder  
  174  13:19  Marine  
  152  13:20  Marine x6  
  152  13:21  Marauder  
  152  13:22  Siege Tank  
  152  13:23  Siege Tank  
  152  13:24  SCV x2  
  152  13:25  SCV  
  167  13:27  Marauder  
  175  13:36  SCV  
  176  13:42  Concussive Shells  
  176  13:46  Missile Turret  
  176  13:49  Marauder  
  164  13:58  Marine x10, Marauder  
  164  14:00  Siege Tank  
  167  14:10  Marauder  
  167  14:16  Marine x7  
  178  14:17  Marauder  
  178  14:19  Siege Tank  
  178  14:23  Marine  
  178  14:24  Marine, Marauder  
  185  14:31  Marine  
  185  14:32  Siege Tank  
  185  14:33  Marine  
  185  14:34  Marine x2  
  185  14:36  Marine  
  183  14:38  Marauder  
  183  14:42  Marauder  
  172  14:48  Marine  
  172  14:49  Marine x3, Marauder x2  
  172  14:51  Siege Tank, Marine  
  172  14:52  Marine x2  
  177  14:53  Marine  
  177  14:58  SCV x2  
  177  14:59  Marine  
  176  15:03  Marine  
  176  15:05  Medivac  
  176  15:06  Medivac, Marine  
  182  15:10  Marauder  
  182  15:12  SCV  
  185  15:15  SCV  
  185  15:16  Planetary Fortress  
  185  15:18  Marine  
  185  15:19  Marine x3, Marauder  
  192  15:31  Marine  
  192  15:32  Marauder  
  192  15:35  Marine  
  189  15:48  Supply Depot  
Tags
 
Add a new tag
Caveats
  • Supply blocks, unpowered buildings, or Contaminate may cause inaccurate times.
  • Supply counts are checked every 10 seconds.